Map: [ESL] Inside and Out

Players

Serral - Winner!

  • Race: Zerg Zerg
  • Spawn Location: 1:00

Lambo

  • Race: Zerg Zerg
  • Spawn Location: 7:00

Event: DreamHack SC2 Masters 2022 Atlanta (Offline)

VOD

Have the link to the VOD?

Description

Time

  • Played on: Nov. 18, 2022, 5:26 p.m.
  • Length: 7:04

All games in this series

Show
View Real Time Build Order
Export as new Build Order

Serral Zerg - Winner!

Build Orders: Hatch First 

Get SALT Encoding   

  12  0:00  Drone  
  13  0:12  Overlord  
  13  0:16  Drone  
  14  0:30  Drone x2  
  16  0:48  Hatchery  
  15  0:50  Drone  
  15  0:55  Drone  
  17  0:58  Drone  
  18  1:09  Extractor  
  17  1:13  Spawning Pool  
  17  1:15  Drone  
  17  1:20  Drone  
  18  1:28  Drone  
  19  1:38  Drone  
  20  1:49  Drone  
  21  1:59  Queen x2  
  21  2:00  Zergling x2, Overlord  
  26  2:10  Drone  
  26  2:11  Drone  
  26  2:12  Metabolic Boost  
  28  2:21  Zergling x2  
  28  2:22  Drone  
  30  2:33  Hatchery  
  30  2:35  Drone  
  30  2:37  Drone  
  30  2:43  Drone  
  32  2:45  Baneling Nest  
  31  2:52  Overlord  
  31  2:55  Drone  
  31  2:56  Drone  
  33  3:04  Drone  
  34  3:07  Drone x2  
  34  3:11  Zergling x8  
  40  3:13  Drone  
  40  3:18  Overlord  
  41  3:23  Drone  
  41  3:27  Drone  
  41  3:29  Evolution Chamber  
  41  3:32  Drone  
  42  3:39  Drone x6  
  42  3:41  Drone  
  49  3:46  Queen  
  51  3:52  Overlord  
  51  3:53  Zergling x2  
  51  3:54  Drone  
  53  3:57  Zerg Missile Weapons Level 1  
  53  4:04  Drone  
  53  4:05  Roach Warren, Extractor  
  53  4:06  Drone  
  53  4:11  Overlord  
  53  4:12  Drone  
  53  4:13  Drone  
  53  4:14  Drone  
  55  4:18  Drone x2  
  55  4:22  Overlord  
  57  4:24  Baneling, Drone  
  57  4:27  Zergling x2  
  59  4:31  Zergling x2  
  59  4:32  Drone x2  
  59  4:36  Lair  
  62  4:38  Drone  
  62  4:39  Drone, Extractor  
  62  4:44  Drone  
  64  4:47  Drone  
  64  4:50  Drone x6  
  64  4:51  Drone  
  72  4:54  Pneumatized Carapace  
  71  5:02  Overlord, Extractor  
  71  5:03  Drone x4  
  71  5:04  Drone  
  71  5:06  Extractor x2  
  73  5:10  Drone  
  73  5:13  Drone  
  75  5:15  Drone  
  76  5:22  Drone x2  
  76  5:23  Drone  
  76  5:25  Drone, Overlord  
  76  5:26  Roach, Hatchery  
  76  5:27  Roach x3  
  87  5:31  Overlord  
  87  5:33  Glial Reconstitution  
  87  5:34  Overseer  
  87  5:36  Roach  
  87  5:38  Overlord  
  87  5:40  Overlord  
  93  5:53  Overlord  
  91  5:57  Roach x9  
  91  6:02  Spine Crawler  
  91  6:03  Roach x4  
  115  6:05  Ravager x3  
  115  6:07  Overlord  
  115  6:08  Overlord  
  118  6:13  Roach  
  118  6:14  Roach, Spine Crawler  
  121  6:19  Roach  
  121  6:23  Roach  
  121  6:24  Roach x2  
  129  6:26  Overlord  
  129  6:28  Roach x4  
  129  6:31  Roach  
  139  6:36  Roach x2  
  136  6:43  Roach x4  
Show
View Real Time Build Order
Export as new Build Order

Lambo Zerg 

Build Orders: Hatch First 

Get SALT Encoding   

  12  0:00  Drone  
  13  0:12  Overlord  
  13  0:17  Drone  
  14  0:31  Drone x2  
  16  0:47  Hatchery  
  15  0:50  Drone  
  15  0:54  Drone  
  15  0:56  Drone  
  18  1:08  Extractor  
  17  1:12  Spawning Pool  
  17  1:15  Drone  
  17  1:18  Drone  
  18  1:28  Drone  
  19  1:39  Drone  
  20  1:49  Drone  
  21  1:59  Zergling x2, Queen x2  
  21  2:00  Overlord  
  26  2:07  Metabolic Boost  
  26  2:10  Drone  
  26  2:11  Drone  
  28  2:22  Zergling x2, Drone  
  30  2:32  Drone  
  30  2:35  Hatchery  
  30  2:39  Drone  
  30  2:42  Drone  
  32  2:46  Baneling Nest  
  32  2:50  Overlord  
  31  2:53  Drone  
  31  2:55  Drone  
  33  3:01  Queen  
  35  3:06  Drone  
  35  3:11  Drone x3  
  35  3:12  Drone  
  40  3:15  Zergling x2  
  40  3:18  Drone  
  42  3:21  Drone  
  42  3:22  Drone  
  42  3:26  Evolution Chamber  
  43  3:28  Drone  
  43  3:30  Baneling  
  43  3:33  Overlord  
  44  3:40  Baneling  
  44  3:48  Zergling x6, Drone  
  45  3:50  Overlord  
  45  3:54  Roach Warren  
  45  3:55  Lair  
  47  4:00  Drone x4  
  51  4:04  Extractor  
  50  4:12  Overlord  
  50  4:13  Drone x3  
  50  4:16  Zerg Missile Weapons Level 1  
  52  4:19  Drone x3  
  52  4:20  Drone  
  52  4:21  Drone  
  52  4:24  Drone x2  
  59  4:28  Drone  
  59  4:29  Drone  
  59  4:30  Overlord  
  61  4:37  Extractor  
  60  4:38  Extractor  
  60  4:39  Overlord  
  60  4:40  Overlord  
  60  4:43  Overlord  
  59  4:50  Overlord  
  59  4:51  Drone x3  
  62  4:52  Overlord  
  62  4:54  Glial Reconstitution  
  62  4:56  Overlord  
  62  4:59  Roach  
  64  5:03  Extractor x2  
  64  5:05  Roach x3  
  67  5:09  Roach  
  67  5:13  Roach  
  71  5:17  Roach  
  71  5:19  Roach  
  75  5:24  Roach x2  
  75  5:27  Roach x2  
  83  5:31  Roach  
  83  5:33  Overlord  
  89  5:35  Roach x2  
  89  5:40  Roach x2  
  93  5:43  Overlord  
  93  5:44  Roach  
  93  5:45  Roach x2  
  99  5:51  Roach x2  
  99  5:52  Overlord  
  99  5:56  Roach x2  
  106  5:58  Roach  
  108  6:05  Roach  
  108  6:06  Roach x2  
  108  6:10  Roach x2  
  118  6:14  Roach x2  
  118  6:17  Roach  
  118  6:18  Roach, Ravager  
  127  6:21  Roach  
  129  6:26  Roach x2  
  129  6:28  Roach  
  135  6:33  Roach x2  
  135  6:37  Roach  
  135  6:38  Roach  
  136  6:40  Roach x2  
  136  6:43  Roach  
Tags
 
Add a new tag
Caveats
  • Supply blocks, unpowered buildings, or Contaminate may cause inaccurate times.
  • Supply counts are checked every 10 seconds.